 Dungeon Crawl Stone Soup version 0.27-a0-385-g3208abaabc (webtiles) character file.

Game seed: 10987787877785121619

2048 ArcanElement the Covert (level 9, -2/52 HPs)
             Began as a Vampire Enchanter on Feb 18, 2021.
             Slain by a killer bee (6 damage)
             ... on level 7 of the Dungeon.
             The game lasted 00:30:45 (7944 turns).

ArcanElement the Covert (Vampire Enchanter)         Turns: 7944, Time: 00:30:46

Health: -2/52      AC:  0    Str:  3 (7)  XL:     9   Next: 4%
Magic:  2/13       EV: 21    Int: 14 (18) God:
Gold:   403        SH:  0    Dex: 19 (22) Spells: 2/14 levels left

rFire    . . .     SeeInvis +   (weapon currently unavailable)
rCold    + + .     Faith    .   (shield currently unavailable)
rNeg     + + +     Spirit   .   (armour currently unavailable)
rPois    ∞         Reflect  .   (helmet currently unavailable)
rElec    .         Harm     .   (cloak currently unavailable)
rCorr    .         Rampage  .   (gloves currently unavailable)
Will     .....                  (boots currently unavailable)
Stlth    +++++++...             (no amulet)
HPRegen  0.00/turn              (ring currently unavailable)
MPRegen  0.13/turn              (ring currently unavailable)

@: bat-form, flying, bloodless, very quick
A: tiny, fangs 3, see invisible
a: Revivify, Stop Flying, End Transformation


You were on level 7 of the Dungeon.
You were in vampire-bat-form.
You visited 2 branches of the dungeon, and saw 8 of its levels.

You collected 403 gold pieces.

Inventory:

Hand Weapons
 a - a +1 dagger
 e - a +0 dagger of protection
 B - a +2 short sword of venom (melded)
 D - a +0 rapier
Missiles
 j - 6 silver boomerangs (quivered)
Armour
 b - a +0 robe
 d - a +0 pair of gloves (melded)
 x - the +1 leather armour of the Solstice (melded) {rC+}
   (You found it on level 4 of the Dungeon)

   It protects you from cold.
 z - a scarf of resistance (melded)
Jewellery
 c - a ring of protection from fire
 h - a ring of wizardry (melded)
 m - a +6 ring of intelligence (melded)
 q - a +6 ring of intelligence
 t - an amulet of guardian spirit
 y - an amulet of faith
Scrolls
 f - 6 scrolls of noise
 l - a scroll of magic mapping {unknown}
 n - 2 scrolls of enchant armour {unknown}
 o - 2 scrolls of immolation
 p - 2 scrolls of amnesia {unknown}
 s - 2 scrolls of teleportation
 A - a scroll of random uselessness {unknown}
Potions
 i - 3 potions of mutation
 u - a potion of berserk rage
 v - a potion of resistance
 w - 2 potions of attraction
 C - a potion of degeneration


   Skills:
 - Level 3.6 Fighting
 + Level 6.9 Short Blades
 - Level 2.6 Dodging
 + Level 10.6 Stealth
 - Level 3.2 Spellcasting
 + Level 9.2 Hexes


You had 2 spell levels left.
You knew the following spells:

 Your Spells              Type           Power        Failure   Level
a - Corona                Hex            31%          1%          1
b - Ensorcelled Hibernat  Hex/Ice        30%          4%          2
c - Confusing Touch       Hex            28%          1%          3
d - Tukima's Dance        Hex            28%          1%          3
e - Dazzling Flash        Conj/Hex       30%          10%         3

Your spell library contained the following spells:

 Spells                   Type           Power        Failure   Level


Dungeon Overview and Level Annotations

Branches:
Dungeon (7/15)             Temple (1/1) D:6

Altars:
Ashenzari
Cheibriados
Gozag
Hepliaklqana
Kikubaaqudgha
Makhleb
Nemelex Xobeh
Okawaru
Qazlal
Ru
Trog
Xom
Yredelemnul
Zin

Shops:
D:5 [

Annotations:
D:4 trapped arch
D:7 Harold


Innate Abilities, Weirdness & Mutations

You do not regenerate when monsters are visible.
You are frail without blood (-20% HP).
You can heal yourself when you bite living creatures.
You are immune to poison.
You have razor-sharp teeth.
You have supernaturally acute eyesight. (SInv)
((You can survive without breathing.))


Message History

Confirm with . or Enter, or press ? or * to list all spells.
Okay, then.
Okay, then.
The killer bee closely misses you.
You turn into a vampire bat.
Your +2 short sword of venom melds into your body.
Your scarf of resistance melds into your body.
Your +0 pair of gloves melds into your body.
The +1 leather armour of the Solstice {rC+} melds into your body.
Your ring of wizardry melds into your body.
Your +6 ring of intelligence melds into your body.
Your +2 short sword of venom stops dripping with poison.
You feel hot and cold all over.
You feel stupid.
You feel weakened.
You feel dopey.
You feel clumsy. The killer bee stings you.
* * * LOW HITPOINT WARNING * * *
The killer bee closely misses you. The killer bee misses you.
The killer bee misses you. The killer bee completely misses you.
The killer bee barely misses you. The killer bee misses you.
Okay, then.
You hit the killer bee but do no damage.
The killer bee misses you. x2
You hit the killer bee but do no damage.
The killer bee closely misses you. The killer bee completely misses you.
You barely miss the killer bee. The killer bee barely misses you. x2
You hit the killer bee but do no damage.
Your bite misses the killer bee. The killer bee closely misses you.
The killer bee stings you.
* * * LOW HITPOINT WARNING * * *
Okay, then.
You aren't carrying any items that you can evoke.
You hit the killer bee but do no damage.
You bite the killer bee, but do no damage.
The killer bee stings you.
* * * LOW HITPOINT WARNING * * *
The killer bee stings you.
You die...

#..## ##....#.....###
#...###...####....##
#..(#...### #.....###.
.......## ##........
.###..## ##......... ##
#...## ###....#####.
#.>...##......#
#............y#
#..#....#####b##
#..###..## #..# ##. ##
..## #...## #..###....
.##..#
##...###<........
....o.# #....##......##
...#...###........#####
#### ...........## #
#.....####..# # ##.@###
#..#


You could see a killer bee.

Vanquished Creatures
  Eustachio (D:6)
  2 orc warriors (D:6)
  A sky beast (D:4)
  An ogre (D:6)
  2 centaurs
  Blork the orc (D:5)
  3 scorpions
  9 wights
  2 killer bees (D:7)
  A howler monkey (D:6)
  2 quasits
  2 hounds
  3 orc priests
  A jelly (D:5)
  7 orc wizards
  3 worker ants
  2 gnolls (D:5)
  9 adders
  2 white imps (D:5)
  4 worms (D:2)
  2 dart slugs (D:4)
  5 leopard geckos
  19 orcs
  A ball python (D:3)
  2 goblins
  3 hobgoblins
  2 jackals (D:1)
  6 kobolds
  4 quokkas
  2 bats
  9 frilled lizards
  3 rats
  3 rat zombies (D:2)
119 creatures vanquished.

Vanquished Creatures (collateral kills)
  2 gnolls (D:5)
2 creatures vanquished.

Grand Total: 121 creatures vanquished

Notes
Turn   | Place    | Note
-------+----------+-------------------------------------------
     0 | D:1      | ArcanElement the Vampire Enchanter began the quest for the
                  | Orb.
     0 | D:1      | Reached XP level 1. HP: 13/13 MP: 3/3
   366 | D:1      | Reached XP level 2. HP: 11/15 MP: 1/5
   868 | D:1      | Learned a level 2 spell: Ensorcelled Hibernation
  1103 | D:2      | Reached skill level 5 in Stealth
  1255 | D:2      | Reached skill level 5 in Hexes
  1255 | D:2      | Reached XP level 3. HP: 19/19 MP: 6/6
  1259 | D:2      | Learned a level 3 spell: Confusing Touch
  1882 | D:2      | Found an ancient bone altar of Kikubaaqudgha.
  2134 | D:3      | Reached skill level 1 in Fighting
  2222 | D:3      | Reached XP level 4. HP: 25/25 MP: 7/7
  2955 | D:4      | Reached XP level 5. HP: 32/32 MP: 8/8
  3667 | D:4      | Reached XP level 6. HP: 38/38 MP: 9/9
  3691 | D:4      | Reached skill level 6 in Stealth
  3720 | D:4      | Got a brightly glowing leather armour
  3767 | D:4      | Identified the +1 leather armour of the Solstice {rC+} (You
                  | found it on level 4 of the Dungeon)
  3802 | D:4      | Found an iron altar of Okawaru.
  3874 | D:5      | Entered Level 5 of the Dungeon
  3893 | D:5      | Learned a level 3 spell: Tukima's Dance
  3985 | D:5      | Noticed Blork the orc
  4070 | D:5      | Noticed a sky beast
  4186 | D:4      | Killed a sky beast
  4187 | D:4      | Reached XP level 7. HP: 18/42 MP: 0/11
  4278 | D:4      | Learned a level 3 spell: Dazzling Flash
  4400 | D:4      | Reached skill level 7 in Stealth
  4559 | D:5      | Killed Blork the orc
  4664 | D:5      | Found a broken altar of Ashenzari.
  4781 | D:5      | Found Olycleum's Armour Shop.
  5183 | D:5      | Found a hazy altar of Hepliaklqana.
  5184 | D:5      | Found a shimmering altar of Xom.
  5185 | D:5      | Noticed a spectral ugly thing
  5366 | D:6      | Reached skill level 8 in Stealth
  5433 | D:6      | Noticed Eustachio
  5435 | D:6      | Reached skill level 5 in Short Blades
  5646 | D:5      | Reached XP level 8. HP: 29/48 MP: 7/12
  6068 | D:6      | Reached skill level 9 in Stealth
  6121 | D:6      | Found a staircase to the Ecumenical Temple.
  6147 | Temple   | Entered the Ecumenical Temple
  6802 | D:6      | Killed Eustachio
  6803 | D:6      | Reached skill level 10 in Stealth
  6958 | D:6      | Found an opulent altar of Gozag.
  7307 | D:7      | Noticed Harold
  7838 | D:7      | Reached XP level 9. HP: 52/52 MP: 8/13
  7944 | D:7      | Slain by a killer bee

Illustrated notes

Levels and vault maps discovered:
D:1:      dpeg_arrival_round_b, layout_basic
D:2:      layout_loops_ring, lemuel_zombie_altar_kikubaaqudgha
D:3:      layout_loops_ring
D:4:      cheibrodos_quashed, layout_rooms, okawaru_gym_becter
D:5:      layout_loops_ring, regret_index_temple_of_mockery,
          evilmike_ruin_ashenzari, serial_shops, shop, serial_glass,
          glass_columns_b, glass_columns_b, uniq_blork_the_orc
D:6:      layout_rooms, nicolae_gozag_seed_capital, minmay_temple_entry_slanted,
          kennysheep_generic_room_13, uniq_eustachio
D:7:      layout_layer_cave, minmay_misc_feat_alley, minmay_shop_damaged,
          uniq_harold
Temple:   jpeg_temple_island

Skill      XL: |  1  2  3  4  5  6  7  8 |
---------------+-------------------------+-----
Stealth        | 5 6 8 10 | 10.6
Short Blades   | 2 3 5 6 |  6.9
Hexes          | 5 6 9 |  9.2
Fighting       | 1 2 3 |  3.6
Spellcasting   | 3 |  3.2
Dodging        | |  2.6

Action                   |  1- 3 |  4- 6 |  7- 9 || total
-------------------------+-------+-------+-------++-------
Melee: Dagger            |    88 |   122 |   139 ||   349
       Bite              |     7 |    14 |     8 ||    29
       Short sword       |       |       |     7 ||     7
       Unarmed           |       |       |     5 ||     5
Throw: Boomerang         |       |       |     1 ||     1
 Cast: Corona            |    13 |    14 |     7 ||    34
       Ensorcelled Hiber |     6 |    30 |    30 ||    66
       Confusing Touch   |     4 |     6 |    18 ||    28
       Dazzling Flash    |       |       |     5 ||     5
       Tukima's Dance    |       |       |     1 ||     1
 Abil: Exsanguinate      |     1 |       |       ||     1
       Bat Form          |       |       |     1 ||     1
  Use: Scroll            |     3 |     2 |     6 ||    11
       Potion            |       |       |     4 ||     4
 Stab: Sleeping          |    23 |    25 |    27 ||    75
       Confused          |     2 |     4 |    15 ||    21
       Distracted        |       |       |     2 ||     2
       Invisible         |       |       |     2 ||     2
Armor: Robe              |    20 |    11 |       ||    31
       Leather armour    |       |    15 |    32 ||    47
Dodge: Dodged            |    47 |    56 |   109 ||   212

Table legend: (Time is in decaauts)
 A = Elapsed time spent in this place.
 B = Non-inter-level travel time spent in this place.
 C = Inter-level travel time spent in this place.
 D = Time resting spent in this place.
 E = Time spent auto-exploring this place.
 F = Levels seen in this place.
 G = Mean time per level.
                   A        B        C        D        E       F      G
               +--------+--------+--------+--------+--------+-----+--------+
         Total |   7928 |   7659 |    269 |   2242 |   3667 |   8 |  991.0 |
       Dungeon |   7640 |   7371 |    269 |   2205 |   3432 |   7 | 1091.4 |
        Temple |    288 |    288 |      0 |     37 |    235 |   1 |  288.0 |
               +--------+--------+--------+--------+--------+-----+--------+

Top non-repeatable levels by time:
     D:5: 1640 daAuts
     D:6: 1524 daAuts
     D:4: 1286 daAuts
     D:2: 1009 daAuts
     D:1: 984 daAuts
     D:3: 955 daAuts
  Temple: 288 daAuts
     D:7: 239 daAuts
